 Dungeon Crawl Stone Soup version 0.30.1-3-gfc49f6343a (webtiles) character file.

Game seed: 2725511378111203623

1023 Anandil the Trooper (level 8, -3/64 HPs)
             Began as a Demonspawn Monk on Aug 1, 2023.
             Slain by a yak (6 damage)
             ... on level 5 of the Dungeon.
             The game lasted 00:07:55 (5262 turns).

Anandil the Trooper (Demonspawn Monk)               Turns: 5262, Time: 00:07:56

Health: -3/64      AC:  7    Str: 14    XL:     8   Next: 2%
Magic:  8/8        EV: 11    Int: 11    God:
Gold:   254        SH:  0    Dex: 16    Spells: 7/7 levels left

rFire   . . .        v - +0 war axe
rCold   . . .        d - orb {light}
rNeg    . . .        b - +0 scale mail
rPois   .            (helmet restricted)
rElec   .            f - +0 cloak
rCorr   .            (gloves unavailable)
SInv    .            (no boots)
Will    .....        i - amulet of the acrobat Stlth
                     (no ring)
HPRegen 0.30/turn    (no ring)
MPRegen 0.11/turn

%: acrobat
@: glowing
A: claws 3, hooves 1, horns 1, foul stench 1, powered by death 1
a: no special abilities


You were on level 5 of the Dungeon.
You visited 1 branch of the dungeon, and saw 5 of its levels.

You collected 254 gold pieces.

Inventory:

Hand Weapons
 v - a +0 war axe (weapon)
Armour
 b - a +0 scale mail (worn)
 d - an orb of light (worn)
 f - a +0 cloak (worn)
 B - a +0 chain mail
Jewellery
 i - an amulet of the acrobat (around neck)
 x - a ring of flight
 y - a ring of ice
Wands
 c - a wand of flame (50)
Scrolls
 e - 2 scrolls of amnesia {unknown}
 g - a scroll of fog {unknown}
 h - a scroll of poison {unknown}
 j - a scroll of fear {unknown}
 k - a scroll of torment {unknown}
 m - 5 scrolls of identify {unknown}
 p - 2 scrolls of immolation {unknown}
 t - a scroll of summoning {unknown}
 u - a scroll of enchant armour {unknown}
 w - a scroll of teleportation {unknown}
Potions
 a - a potion of degeneration {unknown}
 l - 4 potions of curing {unknown}
 n - 4 potions of attraction {unknown}
 o - a potion of heal wounds {unknown}
 q - a potion of invisibility {unknown}
 r - a potion of cancellation {unknown}
 s - a potion of mutation {unknown}
 z - a potion of brilliance {unknown}
 A - a potion of lignification {unknown}
 C - a potion of magic {unknown}


   Skills:
 + Level 6.1 Fighting
 + Level 5.6 Axes
 + Level 2.1 Armour
 - Level 5.0 Dodging


You had 7 spell levels left.
You didn't know any spells.
Your spell library contained the following spells:

 Spells                   Type           Power      Damage    Failure   Level
 Foxfire                  Conj/Fire      0%         2x1d4     83%         1
 Static Discharge         Conj/Air       0%         2-2/arc   92%         2
 Frozen Ramparts          Ice            0%         1d1       99%         3
 Stone Arrow              Conj/Erth      0%         3d7       99%         3
 Volatile Blastmotes      Fire/Tloc      0%         2d10      99%         3
 Airstrike                Air            0%         2d(0-16)  100%        4
 Animate Armour           Summ/Erth      0%         N/A       100%        4
 Fulminant Prism          Conj/Hex       0%         3d5       100%        4
 Ice Form                 Ice/Tmut       0%         N/A       100%        4
 Iskenderun's Mystic Bla  Conj/Tloc      0%         2d3       100%        4
 Summon Ice Beast         Ice/Summ       0%         N/A       100%        4
 Summon Lightning Spire   Summ/Air       0%         N/A       100%        4
 Fireball                 Conj/Fire      0%         3d3       100%        5
 Iskenderun's Battlesphe  Conj           0%         2d6       100%        5
 Lee's Rapid Deconstruct  Erth           0%         3d4*      100%        5
 Iron Shot                Conj/Erth      0%         9d1       100%        6
 Plasma Beam              Fire/Air       0%         2x1d11    100%        6
 Starburst                Conj/Fire      0%         6d3       100%        6
 Spellforged Servitor     Conj/Summ      0%         N/A       100%        7
 Lehudib's Crystal Spear  Conj/Erth      0%         10d2      100%        8


Dungeon Overview and Level Annotations

Branches:
Dungeon (5/15)
 Temple: D:4-7

Altars:
Trog

Shops:
D:5 :


Innate Abilities, Weirdness & Mutations

You have claws for hands.
You have large cloven feet.
You have a pair of small horns on your head.
You may rarely emit foul miasma when damaged in melee.
You regenerate a little health from kills.


Message History

The yak gores you. x2
Unknown command.
You slash the yak! You kick the yak, but do no damage. You headbutt the yak.
You kill the yak!
Your Fighting skill increases to level 6!
Your Armour skill increases to level 2!
You have reached level 8!
You feel agile.
Your demonic ancestry asserts itself...
Your hands twist into claws.
You hit the yak. You headbutt the yak, but do no damage.
The yak is lightly wounded.
The yak gores you!
Unknown command.
You hit the yak. You kick the yak, but do no damage. You headbutt the yak.
The yak is moderately wounded.
The yak gores you!
Unknown command.
You are too injured to fight recklessly!
Unknown command.
You are too injured to fight recklessly!
Unknown command.
You are too injured to fight recklessly!
Unknown command.
You are too injured to fight recklessly!
Unknown command.
You are too injured to fight recklessly!
Unknown command.
You are too injured to fight recklessly!
Unknown command.
You are too injured to fight recklessly!
You hit the yak. You kick the yak, but do no damage.
The yak is heavily wounded.
The yak gores you!
* * * LOW HITPOINT WARNING * * *
You barely miss the yak. You kick the yak, but do no damage.
The yak is heavily wounded.
The yak gores you!
* * * LOW HITPOINT WARNING * * *
The yak gores you.
You die...

..............#
#.#.#.#
#####.#######'######
#.#.#.# #.#
#..........# #.#...#
#.# #......###.#
#'##### #.# #......#
#.# ######.##### #.#
##########.#
#........... #.#
..#.###.##########
#.. #Y#...........#
### #@#.....#####.#
#.#.......# #.#
#.#(.#..#.# #.####
#.#..#..#.# #..Y..
#.#######.# ######
#.......#.#####
#######.#.....#
#........###.#
#.##.#.#.# #.#


You could see a yak.

Vanquished Creatures
  Sigmund (D:2)
  3 yaks
  2 scorpions
  A howler monkey (D:5)
  A hound (D:5)
  Natasha (thrice) (D:2)
  An orc wizard (D:5)
  10 adders
  2 worms
  A dart slug (D:1)
  4 orcs
  2 endoplasms
  3 giant cockroaches
  7 goblins
  4 hobgoblins
  10 jackals
  3 kobolds
  3 quokkas
  4 ball pythons
  2 bats
  4 frilled lizards
  6 rats
77 creatures vanquished.

Notes
Turn   | Place    | Note
-------+----------+-------------------------------------------
     0 | D:1      | Anandil the Demonspawn Monk began the quest for the Orb.
     0 | D:1      | Reached XP level 1. HP: 18/18 MP: 1/1
   227 | D:1      | Discovered your monstrous ancestry.
   227 | D:1      | Gained mutation: You have large cloven feet. [demonic
                  | ancestry]
   227 | D:1      | Reached XP level 2. HP: 21/24 MP: 2/2
   475 | D:1      | Found a faded altar of an unknown god.
   739 | D:2      | Noticed Sigmund
   762 | D:2      | Killed Sigmund
   763 | D:2      | Reached skill level 4 in Fighting
   763 | D:2      | Gained mutation: You have sharp fingernails. [demonic
                  | ancestry]
   763 | D:2      | Reached XP level 3. HP: 30/30 MP: 3/3
   763 | D:2      | Gained mutation: You regenerate a little health from kills.
                  | [demonic ancestry]
   763 | D:2      | Reached XP level 4. HP: 37/37 MP: 4/4
   763 | D:2      | Gained mutation: You have very sharp fingernails. [demonic
                  | ancestry]
   763 | D:2      | Reached XP level 5. HP: 42/42 MP: 5/5
  1029 | D:2      | Noticed Natasha
  1038 | D:2      | Killed Natasha
  1546 | D:2      | Noticed Natasha
  1555 | D:2      | Killed Natasha
  1556 | D:2      | Gained mutation: You have a pair of small horns on your
                  | head. [demonic ancestry]
  1556 | D:2      | Reached XP level 6. HP: 41/49 MP: 6/6
  1866 | D:3      | Found a bloodstained altar of Trog.
  2663 | D:2      | Noticed Natasha
  2676 | D:2      | Killed Natasha
  3965 | D:5      | Entered Level 5 of the Dungeon
  3968 | D:5      | Found Yrabrimuo's Book Boutique.
  4030 | D:5      | Reached skill level 5 in Fighting
  4184 | D:5      | Noticed a yak
  4185 | D:5      | Noticed a yak
  4256 | D:4      | Killed a yak
  4257 | D:4      | Gained mutation: You may rarely emit foul miasma when
                  | damaged in melee. [demonic ancestry]
  4257 | D:4      | Reached XP level 7. HP: 29/56 MP: 7/7
  4543 | D:5      | Reached skill level 5 in Axes
  4625 | D:5      | Reached skill level 5 in Dodging
  4933 | D:5      | Reached skill level 1 in Armour
  5247 | D:5      | Noticed a yak
  5252 | D:5      | Noticed a yak
  5253 | D:5      | Killed a yak
  5258 | D:5      | Killed a yak
  5259 | D:5      | Reached skill level 6 in Fighting
  5259 | D:5      | Gained mutation: You have claws for hands. [demonic
                  | ancestry]
  5259 | D:5      | Reached XP level 8. HP: 48/64 MP: 8/8
  5262 | D:5      | HP: 3/64 [yak (11)]
  5262 | D:5      | Slain by a yak

Illustrated notes

Levels and vault maps discovered:
D:1:      matt_arrival_los_fun, layout_loops_ring,
          ebering_ecumenical_altar_petrified, chequers_serial_rivers_marsh
D:2:      layout_basic, uniq_natasha, uniq_sigmund
D:3:      layout_loops_ring, mainiacjoe_overflow_chevrons,
          minmay_misc_feat_enclosed, dreamdust_mushroom_princess
D:4:      nicolae_cairo_tiling_large, layout_gridville, grunt_decor_clamped
D:5:      layout_basic, serial_shops, shop, roderic_serpentine_path

Skill      XL: |  1  2  3  4  5  6  7 |
---------------+----------------------+-----
Dodging        | 3 4 5 |  5.0
Axes           | 3 4 5 |  5.6
Fighting       | 4 5 6 |  6.1
Armour         | 2 |  2.1

Action                     |  1- 3 |  4- 6 |  7- 9 || total
---------------------------+-------+-------+-------++-------
  Melee: Hand axe          |    39 |    83 |       ||   122
         Kick              |     8 |    50 |    13 ||    71
         War axe           |       |    51 |    31 ||    82
         Headbutt          |       |    14 |    14 ||    28
    Use: Potion            |     2 |       |       ||     2
 Armour: Robe              |     5 |     9 |       ||    14
         Scale mail        |       |    36 |     4 ||    40
         Leather armour    |       |     3 |       ||     3
  Dodge: Dodged            |    32 |    82 |    15 ||   129
